 Dungeon Crawl Stone Soup version 0.30-a0-743-gbfdf073 (webtiles) character file.

Game seed: 2580590935061510775

3077 malesh the Geomancer (level 9, -5/47 HPs)
             Began as a Gargoyle Earth Elementalist on Feb 4, 2023.
             Was a Priest of Vehumet.
             Shot with an arrow by a centaur (8 damage)
             ... on level 8 of the Dungeon on Feb 5, 2023.
             The game lasted 00:25:00 (6865 turns).

malesh the Geomancer (Gargoyle Earth Elementalist)  Turns: 6865, Time: 00:25:00

Health: -5/47      AC: 11    Str: 18    XL:     9   Next: 89%
Magic:  21/22      EV: 18    Int: 26    God:    Vehumet [***...]
Gold:   330        SH:  0    Dex: 14    Spells: 16/26 levels left

rFire   . . .      SeeInvis .    a - +10 dagger of Punish {spect, rC+ Int+6 Dex+4}
rCold   + . .      Faith    .    (no shield)
rNeg    + . .      Spirit   .    m - +0 robe
rPois   ∞          Reflect  .    j - +0 helmet
rElec   +          Harm     .    E - +0 cloak
rCorr   .          Rampage  .    (no gloves)
Will    .....                    r - +0 pair of boots
Stlth   ++                       (no amulet)
HPRegen 0.27/turn                f - +5 ring of evasion
MPRegen 0.18/turn                d - +6 ring of strength

@: no status effects
A: sickness immunity, AC +6, negative energy resistance 1, electricity
resistance, torment resistance 1, petrification resistance
a: Renounce Religion


You were on level 8 of the Dungeon.
You worshipped Vehumet.
Vehumet was most pleased with you.
You visited 2 branches of the dungeon, and saw 9 of its levels.
You also visited: Sewer.

You collected 330 gold pieces.

Inventory:

Hand Weapons
 a - the +10 dagger of Punish (weapon) {spect, rC+ Int+6 Dex+4}
   (You took it off a goblin on level 2 of the Dungeon)

   Int:       It affects your intelligence (+6).
   Dex:       It affects your dexterity (+4).
   rC:        It protects you from cold.
 h - a +2 dagger of holy wrath
Armour
 j - a +0 helmet (worn)
 m - a +0 robe (worn)
 n - a +0 buckler
 r - a +0 pair of boots (worn)
 E - a +0 cloak (worn)
Jewellery
 c - an amulet of faith
 d - a +6 ring of strength (right hand)
 f - a +5 ring of evasion (left hand)
 l - a +6 ring of strength
 H - a ring of flight
 J - a ring of protection from cold
Wands
 D - a wand of charming (6)
 G - a wand of flame (18)
Scrolls
 e - 2 scrolls of enchant armour
 g - a scroll of amnesia
 k - 3 scrolls of teleportation
 q - 3 scrolls of immolation
 t - a scroll of torment {unknown}
 v - a scroll of fear {unknown}
 w - 2 scrolls of butterflies {unknown}
 x - 2 scrolls of poison {unknown}
 y - a scroll of blinking {unknown}
 F - 3 scrolls of identify
 I - a scroll of vulnerability {unknown}
Potions
 b - 2 potions of magic
 i - 2 potions of curing
 o - a potion of lignification {unknown}
 p - 2 potions of heal wounds {unknown}
 s - a potion of flight {unknown}
 u - 2 potions of brilliance {unknown}
 z - 2 potions of haste {unknown}
 A - 2 potions of cancellation {unknown}
 B - 5 potions of resistance {unknown}
 C - a potion of invisibility {unknown}
 K - 2 potions of degeneration {unknown}
 L - a potion of mutation {unknown}


   Skills:
 + Level 1.1 Fighting
 + Level 1.0 Short Blades
 + Level 2.9 Dodging
 + Level 3.5 Stealth
 + Level 9.0 Spellcasting
 + Level 1.0 Transmutations
 + Level 10.6 Earth Magic


You had 16 spell levels left.
You knew the following spells:

 Your Spells              Type           Power      Damage    Failure   Level
a - Sandblast             Erth           100%       2d20      1%          1
b - Passwall              Tmut/Erth      35%        N/A       1%          2
c - Stone Arrow           Conj/Erth      78%        3d11      1%          3
d - Petrify               Tmut/Erth      42%        N/A       4%          4

Your spell library contained the following spells:

 Spells                   Type           Power      Damage    Failure   Level
 Frozen Ramparts          Ice            22%        1d4       4%          3
 Summon Small Mammal      Summ           44%        N/A       4%          1
 Call Canine Familiar     Summ           11%        N/A       16%         3
 Ozocubu's Armour         Ice            11%        N/A       16%         3
 Summon Guardian Golem    Hex/Summ       11%        N/A       16%         3
 Tukima's Dance           Hex            11%        N/A       16%         3
 Yara's Violent Unravell  Hex/Tmut       7%         3d5       28%         5
 Passage of Golubria      Tloc           11%        N/A       45%         4
 Metabolic Englaciation   Hex/Ice        5%         N/A       80%         5
 Simulacrum               Ice/Necr       5%         N/A       100%        6


Dungeon Overview and Level Annotations

Branches:
Dungeon (8/15)             Temple (1/1) D:5           Sewer (visited)
   Lair: D:8-11

Altars:
Ashenzari
Dithmenos
Elyvilon
Fedhas
Gozag
Hepliaklqana
Kikubaaqudgha
Makhleb
Nemelex Xobeh
Okawaru
Qazlal
Ru
Sif Muna
Trog
Vehumet
Wu Jian
Xom
Zin
The Shining One

Annotations:
D:5 2 transporters, Caterwaul's ghost, novice HuMo
D:7 3 runed translucent doors, experimato's ghost, novice DgBr


Innate Abilities, Weirdness & Mutations

You are immune to sickness and miasma.
Your stone body is resilient. (AC +6)
You are immune to poison.
You resist negative energy. (rN+)
You are resistant to electric shocks. (rElec)
You are resistant to unholy torment.
You are immune to petrification.


Message History

The centaur shoots an arrow.
The arrow barely misses you.
The centaur shouts!
You can't see any susceptible monsters within range! (Use Z to cast anyway.)
The centaur shoots an arrow.
The arrow hits you.
An orc comes into view. It is wielding a +0 short sword.
The centaur shoots an arrow.
The arrow hits you!
You are too injured to fight recklessly!
You are too injured to fight recklessly!
You are too injured to fight recklessly!
An orc priest comes into view. It is wielding a +0 club.
The orc priest shouts!
The centaur wields a +0 shortbow.
The centaur shoots an arrow.
The arrow hits you.
An orc comes into view. It is wielding a +2 heavy hand axe.
You hear a shout!
You are too injured to fight recklessly!
Casting: Sandblast (safe; 1% risk of failure)
Confirm with . or Enter, or press ? or * to list all spells.
Aiming: Sandblast (safe; 1% risk of failure)
Press: ? - help, Shift-Dir - straight line, f - centaur
Aim: a centaur, wielding a +0 shortbow (91% to hit)
The blast of sand hits the centaur!
The centaur is severely wounded.
The orc shouts!
The centaur shoots an arrow.
The arrow closely misses you.
The centaur shoots an arrow.
The arrow hits you.
The centaur shoots an arrow.
The arrow barely misses you.
The orc priest invokes the aid of Beogh against you.
Beogh smites you!
* * * LOW HITPOINT WARNING * * *
The centaur shoots an arrow.
The arrow misses you.
Casting: Sandblast (safe; 1% risk of failure)
Confirm with . or Enter, or press ? or * to list all spells.
Okay, then.
Unknown command.
Okay, then.
Okay, then.
Unknown command.
The centaur shoots an arrow.
The arrow hits you!
You die...

.......+.............
#.......#.............
#.......#.............
#.......#.............
.......#.............
.......###...###...##
### #.....##'#########
.#... #.....#.....#.....
o'o...#@....#...........
#..oc..................
....c.##################
...... ####. .. .. ...


You could see 2 centaurs and an orc.

Vanquished Creatures
  Pikel (D:4)
  Grinder (D:5)
  Sigmund (D:5)
  A water moccasin (D:7)
  An ice beast (D:7)
  A sky beast (D:6)
  A black bear (D:6)
  3 centaurs
  A lemure (D:4)
  4 kobold brigands
  2 phantoms
  A bullfrog (D:7)
  A gnoll sergeant (D:5)
  2 necrophages (D:5)
  3 scorpions
  An orc priest (D:5)
  3 hounds
  Ijyb (D:5)
  6 iguanas
  3 orc wizards (D:5)
  Robin (D:1)
  9 gnolls
  14 adders
  A river rat (D:6)
  5 shadow imps
  3 white imps
  4 ufetubi
  4 worms
  2 dart slugs (D:1)
  13 orcs
  9 ball pythons
  7 endoplasms
  4 giant cockroaches
  18 goblins
  7 hobgoblins
  3 jackals (D:1)
  4 quokkas
  2 bats
  2 frilled lizards
  31 kobolds
  A kobold zombie (Sewer)
  9 rats
  A spectral orc (D:4)
192 creatures vanquished.

Vanquished Creatures (others)
  10 plants (D:4)
10 creatures vanquished.

Grand Total: 202 creatures vanquished

Notes
Turn   | Place    | Note
-------+----------+-------------------------------------------
     0 | D:1      | malesh the Gargoyle Earth Elementalist began the quest for
                  | the Orb.
     0 | D:1      | Reached XP level 1. HP: 10/10 MP: 3/3
   227 | D:1      | Reached skill level 1 in Transmutations
   227 | D:1      | Reached XP level 2. HP: 15/15 MP: 3/5
   230 | D:1      | Learned a level 2 spell: Passwall
   317 | D:1      | Reached skill level 4 in Earth Magic
   468 | D:1      | Reached XP level 3. HP: 19/19 MP: 4/6
   732 | D:2      | Noticed Robin
   740 | D:1      | Killed Robin
   809 | D:2      | Learned a level 3 spell: Stone Arrow
   979 | D:2      | Identified the +10 dagger of Punish {spect, rC+ Int+6
                  | Dex+4}
   982 | D:2      | Reached XP level 4. HP: 24/24 MP: 6/8
  1108 | D:2      | Reached skill level 5 in Earth Magic
  1889 | D:3      | Found an iron altar of Okawaru.
  1892 | D:3      | Reached XP level 5. HP: 28/28 MP: 7/9
  1894 | D:3      | Found a faded altar of an unknown god.
  2090 | D:3      | Found a large runed translucent door.
  2090 | D:3      | Found a large runed translucent door.
  2273 | D:3      | Noticed a centaur
  2282 | D:3      | Killed a centaur
  2400 | D:3      | Learned a level 4 spell: Petrify
  2407 | D:3      | Found a radiant altar of Vehumet.
  2419 | D:3      | Found a shimmering altar of Xom.
  2464 | D:3      | Became a worshipper of Vehumet
  2529 | D:4      | Found a stormy altar of Qazlal.
  2556 | D:4      | Reached XP level 6. HP: 32/32 MP: 9/11
  2966 | D:4      | Found a hazy altar of Hepliaklqana.
  2971 | D:4      | Reached skill level 6 in Earth Magic
  3092 | D:4      | Found a white marble altar of Elyvilon.
  3491 | D:5      | Entered Level 5 of the Dungeon
  3579 | D:5      | Noticed Pikel
  3595 | D:4      | Killed Pikel
  3596 | D:4      | Reached skill level 5 in Spellcasting
  3596 | D:4      | Reached skill level 7 in Earth Magic
  3596 | D:4      | Reached XP level 7. HP: 15/37 MP: 4/15
  3596 | D:4      | Reached XP level 8. HP: 17/42 MP: 4/16
  3691 | D:5      | You fall into a shaft and drop 1 floor!
  3811 | D:5      | Reached * piety under Vehumet
  3811 | D:5      | Offered knowledge of Kiss of Death by Vehumet.
  3842 | D:6      | Reached skill level 1 in Fighting
  3851 | D:6      | Reached skill level 8 in Earth Magic
  3980 | D:6      | Found a glowing drain.
  3987 | Sewer    | Entered a sewer
  3999 | Sewer    | Upgraded the game from 0.30-a0-739-gea05fad to
                  | 0.30-a0-743-gbfdf073
  4165 | Sewer    | Reached ** piety under Vehumet
  4170 | Sewer    | Offered knowledge of Poisonous Vapours by Vehumet.
  4220 | Sewer    | Found an ancient bone altar of Kikubaaqudgha.
  4541 | D:6      | Reached skill level 1 in Short Blades
  4541 | D:6      | Reached skill level 9 in Earth Magic
  4547 | D:6      | Reached XP level 9. HP: 47/47 MP: 16/20
  4883 | D:5      | Noticed Sigmund
  4896 | D:5      | Killed Sigmund
  5034 | D:5      | Noticed Ijyb
  5039 | D:5      | Killed Ijyb
  5092 | D:5      | Noticed Caterwaul's ghost (novice HuMo)
  5104 | D:5      | Found a transporter.
  5109 | D:5      | Found a transporter.
  5110 | D:5      | Noticed Grinder
  5114 | D:5      | Killed Grinder
  5172 | D:5      | Identified the +5 scale mail "Meadaece" {rF+ Str+4}
  5175 | D:5      | Offered knowledge of Frozen Ramparts by Vehumet.
  5280 | D:5      | Reached skill level 10 in Earth Magic
  5510 | D:5      | Found a staircase to the Ecumenical Temple.
  5548 | D:5      | Found a shimmering blue altar of Sif Muna.
  5561 | Temple   | Entered the Ecumenical Temple
  5983 | D:7      | Found a runed translucent gate.
  6005 | D:7      | Found a runed translucent gate.
  6006 | D:7      | Found a runed translucent gate.
  6006 | D:7      | Noticed experimato's ghost (novice DgBr)
  6006 | D:7      | Noticed a kobold demonologist
  6244 | D:7      | Reached *** piety under Vehumet
  6382 | D:7      | Found a bloodstained altar of Trog.
  6865 | D:8      | Shot with an arrow by a centaur

Illustrated notes

Levels and vault maps discovered:
D:1:      matt_arrival_diagonals, layout_basic,
          amcnicky_mini_rare_corridor_liquid
D:2:      layout_loops_ring, minmay_bisected, uniq_robin
D:3:      layout_basic, okawaru_trees_2, jmf_multi_god_temple2,
          ebering_ecumenical_altar_sacrificial
D:4:      layout_loops_ring, nicolae_hepliaklqana_monster_ancestors,
          kennysheep_little_box, mainiacjoe_overflow_alcove_1, serial_bayou,
          serial_bayou_shore_a, serial_bayou_crossing, serial_bayou_pond_d,
          serial_bayou_pond_d, hangedman_decor_growths
D:5:      layout_cave_pools, general_overflow_altar,
          minmay_temple_entry_poolview, gammafunk_ghost_hive, uniq_grinder,
          uniq_ijyb, uniq_sigmund, uniq_pikel
D:6:      layout_cave_pools, lightli_sewer_entry_pipes
D:7:      layout_basic, mainiacjoe_overflow_chevrons,
          gammafunk_ghost_nasty_kobolds
D:8:      minmay_the_grid_triangle_9x9_rhombus_full
          [minmay_the_grid_triangle_9x9_zippers_vertical,
          minmay_the_grid_triangle_9x9_zippers_horizontal,
          minmay_the_grid_triangle_9x9_pentomino_pain,
          minmay_the_grid_triangle_9x9_impossible_snake,
          minmay_the_grid_triangle_9x9_wacky_v,
          minmay_the_grid_triangle_9x9_sprig,
          minmay_the_grid_triangle_9x9_descending_squares,
          minmay_the_grid_triangle_9x9_prize_top_heavy], layout_gridville,
          mainiacjoe_overflow_six_doors_small, mainiacjoe_overflow_tiny_flanked
Temple:   bh_familiar_temple

Skill      XL: |  1  2  3  4  5  6  7  8  9 |
---------------+----------------------------+-----
Transmutations | 1 |  1.0
Earth Magic    | 4 5 7 9 10 | 10.6
Spellcasting   | 3 5 7 9 |  9.0
Dodging        | 2 |  2.9
Stealth        | 3 |  3.5
Fighting       | 1 |  1.1
Short Blades   | 1 |  1.0

Action                     |  1- 3 |  4- 6 |  7- 9 || total
---------------------------+-------+-------+-------++-------
  Melee: Unarmed           |     3 |       |       ||     3
         Dagger            |     2 |    15 |    10 ||    27
   Cast: Sandblast         |    40 |    95 |   134 ||   269
         Stone Arrow       |       |     2 |     5 ||     7
         Petrify           |       |     1 |     1 ||     2
    Use: Scroll            |       |     3 |     3 ||     6
         Potion            |       |       |     1 ||     1
 Armour: Robe              |     5 |     8 |    13 ||    26
  Dodge: Dodged            |    12 |    43 |    57 ||   112

Table legend: (Time is in decaauts)
 A = Elapsed time spent in this place.
 B = Non-inter-level travel time spent in this place.
 C = Inter-level travel time spent in this place.
 D = Time resting spent in this place.
 E = Time spent auto-exploring this place.
 F = Levels seen in this place.
 G = Mean time per level.
                   A        B        C        D        E       F      G
               +--------+--------+--------+--------+--------+-----+--------+
         Total |   7057 |   6528 |    529 |    379 |   4849 |  10 |  705.7 |
       Dungeon |   6396 |   5882 |    514 |    305 |   4445 |   8 |  799.5 |
        Temple |    185 |    170 |     15 |      0 |    168 |   1 |  185.0 |
         Sewer |    475 |    475 |      0 |     74 |    235 |   1 |  475.0 |
               +--------+--------+--------+--------+--------+-----+--------+

Top non-repeatable levels by time:
     D:4: 1197 daAuts
     D:2: 946 daAuts
     D:6: 905 daAuts
     D:5: 805 daAuts
     D:1: 804 daAuts
     D:3: 792 daAuts
     D:7: 787 daAuts
   Sewer: 475 daAuts
  Temple: 185 daAuts
     D:8: 157 daAuts
